 Dungeon Crawl Stone Soup version 0.28-a0-178-ga708605c5b (webtiles) character file.

Game seed: 9076609933680331525

212 hatdisgam the Chiller (level 5, -2/43 HPs)
             Began as a Naga Ice Elementalist on Aug 17, 2021.
             Slain by an ogre (32 damage)
             ... on level 4 of the Dungeon.
             The game lasted 00:07:52 (4006 turns).

hatdisgam the Chiller (Naga Ice Elementalist)       Turns: 4006, Time: 00:07:53

Health: -2/43      AC:  3    Str: 11    XL:     5   Next: 89%
Magic:  4/9        EV:  9    Int: 16    God:
Gold:   186        SH:  0    Dex: 11    Spells: 2/10 levels left

rFire   . . .      SeeInvis +   l - +0 long sword
rCold   . . .      Faith    .   (no shield)
rNeg    . . .      Spirit   .   a - +0 robe
rPois   +          Reflect  .   h - +0 helmet
rElec   .          Harm     .   (no cloak)
rCorr   .          Rampage  .   (no gloves)
Will    .....                   (no barding)
Stlth   ++........              (no amulet)
HPRegen 0.14/turn               (no ring)
MPRegen 0.11/turn               (no ring)

@: freezing walls, very slow
A: AC +1, large, see invisible, deformed body, poison resistance, slowness 2,
spit poison 1, naga tail 1
a: Spit Poison


You were on level 4 of the Dungeon.
You visited 1 branch of the dungeon, and saw 4 of its levels.

You collected 186 gold pieces.

Inventory:

Hand Weapons
 c - a +0 dagger
 d - a +1 short sword of speed
 g - a +0 trident
 l - a +0 long sword (weapon)
Missiles
 m - a throwing net
Armour
 a - a +0 robe (worn)
 h - a +0 helmet (worn)
Jewellery
 k - a ring of willpower
Wands
 j - a wand of mindburst (6)
Scrolls
 b - a scroll of magic mapping {unknown}
 f - 3 scrolls of identify
 i - a scroll of fog {unknown}
Potions
 e - 2 potions of curing
 n - a potion of flight {unknown}


   Skills:
 + Level 0.9 Fighting
 - Level 1.5 Dodging
 - Level 3.0 Stealth
 - Level 3.0 Spellcasting
 * Level 2.2 Conjurations
 * Level 5.7 Ice Magic


You had 2 spell levels left.
You knew the following spells:

 Your Spells              Type           Power      Damage    Failure   Level
a - Freeze                Ice            80%        1d9       1%          1
b - Frozen Ramparts       Ice            40%        1d6       5%          3
c - Hailstorm             Conj/Ice       15%        3d5       34%         4

Your spell library contained the following spells:

 Spells                   Type           Power      Damage    Failure   Level
 Animate Skeleton         Necr           4%         N/A       19%         1
 Apportation              Tloc           4%         N/A       19%         1
 Corona                   Hex            2%         N/A       19%         1
 Summon Small Mammal      Summ           8%         N/A       19%         1
 Ozocubu's Armour         Ice            20%        N/A       5%          3


Dungeon Overview and Level Annotations

Branches:
Dungeon (4/15)
 Temple: D:4-7

Altars:
Kikubaaqudgha
Sif Muna

Shops:
D:2 !


Innate Abilities, Weirdness & Mutations

Your serpentine skin is tough. (AC +1)
You have supernaturally acute eyesight. (SInv)
Armour fits poorly on your strangely shaped body.
Your system is resistant to poisons. (rPois)
You cover ground very slowly.
You can spit poison.
You have a snake-like lower body.


Message History

The ogre shouts!
An ogre is nearby!
An ogre is nearby!
Casting: Frozen Ramparts (dangerous; 5% risk of failure)
Confirm with . or Enter, or press ? or * to list all spells.
Casting: Frozen Ramparts (dangerous; 5% risk of failure)
Press: ? - help, Dir - look around, f - activate
Okay, then.
Casting: Frozen Ramparts (dangerous; 5% risk of failure)
Confirm with . or Enter, or press ? or * to list all spells.
Casting: Frozen Ramparts (dangerous; 5% risk of failure)
Press: ? - help, Dir - look around, f - activate The walls around you are covered in ice.
The wall freezes the ogre.
Unknown command.
Press: ? - help, Shift-Dir - straight line, f - ogre
Aim: an ogre, wielding a +0 giant club (lightly wounded)
The splash of poison misses the ogre.
The wall freezes the ogre.
Unknown command.
Casting: Frozen Ramparts (dangerous; 5% risk of failure)
Confirm with . or Enter, or press ? or * to list all spells.
Aiming: Freeze (safe; 1% risk of failure)
Press: ? - help, Shift-Dir - straight line, f/p - ogre
Aim: an ogre, wielding a +0 giant club (lightly wounded)
You freeze the ogre!
The ogre is heavily wounded.
The wall freezes the ogre.
The ogre hits you with a +0 giant club!
Unknown command.
Casting: Freeze (safe; 1% risk of failure)
Confirm with . or Enter, or press ? or * to list all spells.
Aiming: Freeze (safe; 1% risk of failure)
Press: ? - help, Shift-Dir - straight line, f/p - ogre
Aim: an ogre, wielding a +0 giant club (heavily wounded)
You freeze the ogre!
The ogre is almost dead.
You have got your breath back.
The wall freezes the ogre.
The ogre hits you with a +0 giant club!!
Ouch! That really hurt!
You die...

#.#
#######
##...#
#.#
####.##
#.#
#....#
#.#
#.##.#
#.#
#.##.#
#.#
#.##.#
#.#
#.##.#
#.#
#.##.##
#@#
#.##...
#O#
#.#####
#.# #.#
# #.# #
#.# #
#.# ###
#.# ...
#.# ###
...


You could see an ogre.

Vanquished Creatures
  A jelly (D:4)
  A hound skeleton (D:4)
  9 adders
  2 worms (D:2)
  An orc (D:4)
  2 bats
  8 endoplasms
  A giant cockroach (D:2)
  8 goblins
  9 hobgoblins
  3 jackals (D:3)
  4 quokkas
  5 ball pythons
  7 frilled lizards
  11 kobolds
  7 rats
79 creatures vanquished.

Notes
Turn   | Place    | Note
-------+----------+-------------------------------------------
     0 | D:1      | hatdisgam the Naga Ice Elementalist began the quest for the
                  | Orb.
     0 | D:1      | Reached XP level 1. HP: 15/15 MP: 3/3
   311 | D:1      | Reached XP level 2. HP: 22/22 MP: 5/5
   526 | D:1      | Found a faded altar of an unknown god.
  1190 | D:2      | Reached XP level 3. HP: 28/28 MP: 1/6
  1251 | D:2      | Learned a level 3 spell: Frozen Ramparts
  1588 | D:2      | Reached skill level 5 in Ice Magic
  1598 | D:2      | Reached XP level 4. HP: 24/36 MP: 3/8
  1716 | D:2      | Learned a level 4 spell: Hailstorm
  2074 | D:2      | Found Ovvuerph's Distillery.
  2550 | D:3      | Reached skill level 1 in Conjurations
  2676 | D:3      | Found a shimmering blue altar of Sif Muna.
  2681 | D:3      | Reached XP level 5. HP: 36/42 MP: 9/9
  3164 | D:3      | Found an ancient bone altar of Kikubaaqudgha.
  3999 | D:4      | Noticed an ogre
  4006 | D:4      | Slain by an ogre

Illustrated notes

Levels and vault maps discovered:
D:1:      psy_arrival_conway, layout_basic, ebering_ecumenical_altar_rust
D:2:      layout_basic, serial_shops, nicolae_lakefront_shop,
          kennysheep_cross_bottleneck
D:3:      layout_rooms, mainiacjoe_overflow_alcove_2,
          lemuel_coloured_pillars_altar, minmay_fountain_box,
          amcnicky_mini_rare_corridor_liquid
D:4:      layout_loops_ring

Skill      XL: |  1  2  3  4  5 |
---------------+----------------+-----
Ice Magic      | 5 |  5.7
Conjurations   | 1 2 |  2.2
Spellcasting   | 3 |  3.0
Fighting       | |  0.9
Dodging        | |  1.5
Stealth        | |  3.0

Action                   |  1- 3 |  4- 6 || total
-------------------------+-------+-------++-------
Melee: Trident           |     8 |    69 ||    77
       Long sword        |       |    25 ||    25
 Cast: Freeze            |    23 |    17 ||    40
       Frozen Ramparts   |     1 |    10 ||    11
 Abil: Spit Poison       |    34 |    13 ||    47
  Use: Scroll            |       |     1 ||     1
 Stab: Sleeping          |       |     3 ||     3
Armor: Robe              |     2 |    39 ||    41
Dodge: Dodged            |     4 |    55 ||    59
       Rpst.: Long sword |       |     6 ||     6

Table legend: (Time is in decaauts)
 A = Elapsed time spent in this place.
 B = Non-inter-level travel time spent in this place.
 C = Inter-level travel time spent in this place.
 D = Time resting spent in this place.
 E = Time spent auto-exploring this place.
 F = Levels seen in this place.
 G = Mean time per level.
                   A        B        C        D        E       F      G
               +--------+--------+--------+--------+--------+-----+--------+
         Total |   4952 |   4782 |    170 |   1053 |   3016 |   4 | 1238.0 |
       Dungeon |   4952 |   4782 |    170 |   1053 |   3016 |   4 | 1238.0 |
               +--------+--------+--------+--------+--------+-----+--------+

Top non-repeatable levels by time:
     D:1: 1511 daAuts
     D:2: 1461 daAuts
     D:3: 1126 daAuts
     D:4: 852 daAuts
